 Dungeon Crawl Stone Soup version 0.30-a0-1002-ga41ad49a19 (webtiles) character file.

Game seed: 9621762774142686197

194514 112233 the Eclecticist (level 17, 0/104 HPs)
             Began as a Deep Elf Necromancer on Apr 5, 2023.
             Was an Initiate of Gozag.
             Slain by a merfolk
             ... wielding a +0 trident
             ... led by a merfolk impaler
              (14 damage)
             ... on level 2 of the Shoals.
             The game lasted 01:12:59 (42083 turns).

112233 the Eclecticist (Deep Elf Necromancer)      Turns: 42083, Time: 01:12:59

Health: 0/104      AC: 10    Str:  8    XL:     17   Next: 68%
Magic:  35/52      EV: 28    Int: 35    God:    Gozag
Gold:   706        SH:  0    Dex: 22    Spells: 13/57 levels left

rFire   . . .      SeeInvis .    U - staff of death
rCold   . . .      Faith    .    S - orb {light}
rNeg    + . .      Spirit   .    M - +1 robe of a volcano {rPois}
rPois   +          Reflect  .    B - +1 helmet "Zocrenov" {+Inv Dex+3}
rElec   .          Rampage  .    H - scarf {shadows}
rCorr   .                        w - +1 pair of gloves
Will    +....                    I - +2 pair of boots
Stlth   +                        Z - amulet of magic regeneration
HPRegen 0.37/turn                l - ring of Boegucet {MP+9 Str+3 Dex+4 Slay+2}
MPRegen 0.73/turn                W - +6 ring of intelligence

@: death channelling, glowing, very slow
A: no striking features
}: 1/15 runes: gossamer
a: Renounce Religion, Evoke Invisibility, Potion Petition, Call Merchant, Bribe
Branch


You were on level 2 of the Shoals.
You worshipped Gozag.
Gozag was pleased with you.
You visited 6 branches of the dungeon, and saw 29 of its levels.
You also visited: Ossuary and Ice Cave.

You collected 12036 gold pieces.
You spent 6198 gold pieces at shops.
You paid 5132 gold pieces to Gozag.

Inventory:

Armour
 q - the +0 robe of Dim Light {rElec Dex+3}
   (You found it on level 3 of the Dungeon)

   Dex:       It affects your dexterity (+3).
   rElec:     It insulates you from electricity.
 w - a +1 pair of gloves (worn)
 B - the +1 helmet "Zocrenov" (worn) {+Inv Dex+3}
   (You bought it in a shop on level 3 of the Lair of Beasts)

   Dex:       It affects your dexterity (+3).
   +Inv:      It lets you turn invisible.
 H - a scarf of shadows (worn)
 I - a +2 pair of boots (worn)
 M - the +1 robe of a volcano (worn) {rPois}
   (You bought it in a shop on level 9 of the Dungeon)

   rPois:     It protects you from poison.
 S - an orb of light (worn)
 T - +0 pearl dragon scales
Magical Staves
 U - a staff of death (weapon)
Jewellery
 l - the ring of Boegucet (left hand) {MP+9 Str+3 Dex+4 Slay+2}
   (You found it on level 2 of the Dungeon)

   [ring of magical power]

   Str:       It affects your strength (+3).
   Dex:       It affects your dexterity (+4).
   Slay:      It affects your accuracy & damage with ranged weapons and melee
   (+2).
   MP:        It affects your magic capacity (+9).
 u - a ring of see invisible
 O - the ring of Beogh, Winnowing {rN+ rCorr Str+4}
   (You bought it in a shop on level 3 of the Lair of Beasts)

   [ring of resist corrosion]

   Str:       It affects your strength (+4).
   rN:        It protects you from negative energy.
   rCorr:     It protects you from acid and corrosion.
 W - a +6 ring of intelligence (right hand)
 Z - an amulet of magic regeneration (around neck)
Wands
 m - a wand of mindburst (13)
 s - a wand of iceblast (17)
 L - a wand of charming (24) (quivered)
 N - a wand of polymorph (6)
Scrolls
 a - 4 scrolls of vulnerability
 d - 8 scrolls of identify
 h - a scroll of silence
 o - 8 scrolls of teleportation
 r - 3 scrolls of noise {unknown}
 v - 4 scrolls of enchant armour
 y - 7 scrolls of poison
 z - 4 scrolls of fog
 C - a scroll of magic mapping
 D - a scroll of amnesia
 E - 2 scrolls of immolation
 F - 2 scrolls of blinking
 K - 4 scrolls of fear
 Q - a scroll of brand weapon
 X - 3 scrolls of summoning
Potions
 b - 3 potions of magic
 c - 4 potions of brilliance
 e - 13 potions of ambrosia
 f - 7 potions of haste
 g - 4 potions of invisibility
 i - 7 potions of curing
 j - 4 potions of cancellation
 n - 2 potions of berserk rage
 p - 6 potions of flight
 t - 7 potions of mutation
 x - 7 potions of degeneration
 A - a potion of might
 G - 3 potions of heal wounds
 J - 11 potions of attraction
 P - 4 potions of lignification
 V - a potion of resistance
Miscellaneous
 k - a condenser vane
 R - a tin of tremorstones (2/2)
 Y - a box of beasts


   Skills:
 + Level 11.1 Fighting
 + Level 9.8 Staves
 * Level 19.2 Dodging
 - Level 2.7 Stealth
 * Level 20.5 Spellcasting
 + Level 18.1 Necromancy
 + Level 0.4 Earth Magic
 + Level 10.8 Evocations


You had 13 spell levels left.
You knew the following spells:

 Your Spells              Type           Power      Damage    Failure   Level
a - Borgnjor's Vile Clut  Necr/Erth      50%        N/A       1%          5
b - Vampiric Draining     Necr           100%       2d13      0%          3
c - Death Channel         Necr           63%        N/A       1%          6
d - Dispel Undead         Necr           100%       3d31      0%          4
e - Agony                 Necr           100%       N/A       0%          5
f - Anguish               Hex/Necr       49%        N/A       1%          4
g - Necrotise             Necr           100%       1d9       0%          1
h - Infestation           Necr           63%        N/A       3%          8
i - Borgnjor's Revivific  Necr           63%        N/A       3%          8

Your spell library contained the following spells:

 Spells                   Type           Power      Damage    Failure   Level
 Sublimation of Blood     Necr           100%       N/A       0%          2
 Magic Dart               Conj           100%       1d8       1%          1
 Sandblast                Erth           78%        2d17      1%          1
 Shock                    Conj/Air       100%       1d9       1%          1
 Call Imp                 Summ           36%        N/A       1%          2
 Cigotuvi's Dreadful Rot  Necr/Pois/Air  100%       N/A       1%          2
 Ensorcelled Hibernation  Hex/Ice        72%        N/A       1%          2
 Lesser Beckoning         Tloc           72%        N/A       1%          2
 Call Canine Familiar     Summ           36%        N/A       2%          3
 Gell's Gravitas          Tloc           36%        N/A       2%          3
 Kindle Blastsparks       Fire/Tloc/Air  72%        2d16      2%          3
 Mephitic Cloud           Conj/Pois/Air  36%        N/A       2%          3
 Ozocubu's Armour         Ice            36%        N/A       2%          3
 Portal Projectile        Hex/Tloc       72%        N/A       2%          3
 Spider Form              Tmut/Pois      36%        N/A       2%          3
 Swiftness                Air            36%        N/A       2%          3
 Teleport Other           Tloc           36%        N/A       2%          3
 Tukima's Dance           Hex            36%        N/A       2%          3
 Leda's Liquefaction      Hex/Erth       18%        N/A       8%          4
 Petrify                  Tmut/Erth      37%        N/A       8%          4
 Airstrike                Air            18%        2d(3-19)  9%          4
 Fulminant Prism          Conj/Hex       18%        3d11      9%          4
 Iskenderun's Mystic Bla  Conj/Tloc      36%        2d9       9%          4
 Haunt                    Necr/Summ      49%        N/A       17%         7
 Lee's Rapid Deconstruct  Erth           19%        3d11*     19%         5
 Blade Hands              Tmut           18%        N/A       24%         5
 Metabolic Englaciation   Hex/Ice        18%        N/A       24%         5
 Iron Shot                Conj/Erth      18%        9d4       75%         6
 Statue Form              Tmut/Erth      24%        N/A       75%         6
 Enfeeble                 Hex            18%        N/A       100%        7
 Shatter                  Erth           19%        3d18*     100%        9
 Animate Dead             Necr           Unusable   N/A       N/A         4
 Simulacrum               Ice/Necr       Unusable   N/A       N/A         6

Dungeon Overview and Level Annotations

Branches:
Dungeon (15/15)            Temple (1/1) D:7            Lair (5/5) D:10
 Shoals (2/4) Lair:2       Spider (4/4) Lair:3        Slime (0/5) Lair:4
    Orc (2/2) D:11            Elf (0/3) Orc:2        Vaults (0/5) D:14
 Depths (0/4) D:15        Ossuary (visited)           IceCv (visited)

Altars:
Ashenzari
Cheibriados
Dithmenos
Elyvilon
Fedhas
Gozag
Hepliaklqana
Kikubaaqudgha
Makhleb
Nemelex Xobeh
Okawaru
Qazlal
Ru
Trog
Vehumet
Wu Jian
Xom
Yredelemnul
Zin
The Shining One

Shops:
D:2 ?   D:3 *   D:8 =   D:9 [   Orc:1 (   Orc:2 !=*?   Lair:3 *:=[:

Annotations:
D:4 3 runed translucent doors, vampirul's ghost, amateur DsFi
D:14 Jorgrun
Lair:4 2 transporters, Haerphoy's ghost, journeyman MiFi


Message History

The merfolk impaler hits you from afar with a +2 trident of venom!
* * * LOW HITPOINT WARNING * * *
You are poisoned.
The merfolk hits you with a +0 trident!
* * * LOW HITPOINT WARNING * * *
The merfolk barely misses you.
Casting: Borgnjor's Vile Clutch (mildly dangerous; 1% risk of failure)
Confirm with . or Enter, or press ? or * to list all spells.
Aiming: Vampiric Draining (safe; 0% risk of failure)
Press: ? - help, Shift-Dir - straight line, f - merfolk, p - merfolk
Aim: a merfolk, wielding a +0 trident and quivering boomerangs (infested, haloed)
You feel a surge of power!
You draw life force from the merfolk!!
You feel life coursing into your body!
The zombie hands constrict the merfolk impaler!!
The zombie hands constrict the merfolk!
The zombie hands constrict the merfolk!!
You kill the merfolk!
You hear a splash.
You feel very sick.
A death scarab bursts from the merfolk!
A glowing mist starts to gather...
The merfolk misses you. The merfolk impaler barely misses you.
The merfolk hits you from afar with a +0 spear!
* * * LOW HITPOINT WARNING * * *
Your spectral skyshark bites the merfolk!
Your spectral skyshark tail-slaps the merfolk. x2
The merfolk hits your spectral skyshark with a +0 trident!
The merfolk impaler hits you from afar with a +2 trident of venom!
* * * LOW HITPOINT WARNING * * *
Unknown command.
Okay, then.
You feel better.
The zombie hands constrict the merfolk impaler.
The zombie hands constrict the merfolk!!
You kill the merfolk!
You hear a splash.
Your death scarab splashes around in the water.
A death scarab bursts from the merfolk!
A glowing mist starts to gather...
The merfolk hits you from afar with a +0 trident!
You die...
Your body crumbles into a pile of gold.

.~~~~~~~~~
?~~~~~.~~~~~~~~
~.... ..~~~~~~~
#.~~~..##.~Z~B~..$
..~~~~~...mm~~.#
~~~~~~~~ZmZ~~..#
~~~~~~~~~Z@~~..##
~~~~~~~B...~~~...
~~~~~~~~.....~~..
~~~~~~~..###..~~~
~~(~~~..## ....~
~..~~~~.########~
~~~~~~~....###
~~~~~~~~....<#
~~~~~~~~~..###


You could see a merfolk impaler (infested, clutched), 2 merfolk, 2 friendly
spectral merfolk, a friendly spectral water nymph, a friendly spectral skyshark
and 2 friendly death scarabs.

Vanquished Creatures
  Donald (Shoals:1)
  A fire giant (D:15)
  Louise (D:15)
  An emperor scorpion (Spider:4)
  A ghost moth (Spider:4)
  A dire elephant (Lair:2)
  Snorg (D:12)
  An entropy weaver (Spider:3)
  2 vault guards (D:14)
  A jorogumo (Spider:2)
  2 merfolk avatars (Shoals:1)
  8 hydras
  6 centaur warriors
  4 boulder beetles
  A two-headed ogre (D:14)
  5 orc high priests (Orc:2)
  Nergalle (Lair:2)
  A deep elf knight (D:14)
  The ghost of MrShunz the Covert, a journeyman VSBr of Qazlal (D:10)
  2 skysharks
  A fire crab (Lair:2)
  4 skeletal warriors (D:15)
  A sea snake (Shoals:1)
  2 orb spiders
  6 steelbarb worms
  4 deep elf pyromancers
  2 orc knights
  3 orc sorcerers
  4 fauns (Shoals:1)
  3 harpies (Shoals:1)
  4 wolf spiders
  4 manticores
  4 cyclopes
  2 ugly things
  A merfolk siren (Shoals:1)
  12 elephants
  A water nymph (Shoals:2)
  9 black mambas
  2 gargoyles (D:14)
  Maurice (D:9)
  A demonic crawler (Spider:2)
  3 torpor snails
  An unseen horror (D:13)
  Maggie (Lair:1)
  6 rime drakes
  10 cane toads
  8 komodo dragons
  2 kobold demonologists
  An ice devil (IceCv)
  An efreet (D:14)
  A freezing wraith (D:14)
  3 merfolk
  A meliai (D:15)
  3 polar bears
  7 trolls
  4 hornets
  A queen bee (D:9)
  Prince Ribbit (D:6)
  10 blink frogs
  13 tarantellas
  5 dream sheep
  A snapping turtle (Lair:2)
  A raiju (Lair:5)
  7 slime creatures (D:14)
  2 shadows
  7 culicivoras
  8 jumping spiders
  11 wyverns
  A vampire (D:12)
  Sigmund (D:4)
  3 wraiths
  4 water elementals
  45 yaks
  A fire elemental (D:14)
  A human (D:14)
  25 redbacks
  2 steam dragons
  5 vampire mosquitoes
  Grum (Lair:1)
  4 basilisks
  3 death yak simulacra (IceCv)
  Menkaure (Ossuary)
  9 wargs
  Edmund (D:6)
  2 acid dragons
  19 water moccasins
  6 hell hounds (Lair:5)
  9 orc warriors
  A sky beast (D:8)
  5 black bears
  An ice beast (D:6)
  3 boggarts (D:14)
  3 ogres
  7 centaurs
  37 wolves
  5 kobold brigands
  A phantom (D:6)
  A gnoll sergeant (D:9)
  10 bullfrogs
  4 cane toad simulacra (IceCv)
  6 scorpions
  A two-headed ogre simulacrum (IceCv)
  10 wights
  An elephant simulacrum (IceCv)
  28 killer bees
  2 howler monkeys
  4 electric eels
  2 jellies (Lair:4)
  24 orc priests
  3 hounds
  2 gnoll boudas
  20 orc wizards
  2 iguanas
  4 sleepcaps
  2 troll simulacra (IceCv)
  A wolf simulacrum (IceCv)
  A spriggan simulacrum (IceCv)
  3 mummies (Ossuary)
  15 gnolls
  6 adders
  A naga simulacrum (IceCv)
  A shadow imp (D:7)
  2 white imps
  2 dart slugs
  81 orcs
  9 ball pythons
  9 endoplasms
  3 giant cockroaches
  3 gnoll zombies (Ossuary)
  10 hobgoblins
  6 jackals
  8 quokkas
  4 bats
  4 frilled lizards
  6 gnoll skeletons (Ossuary)
  12 goblins
  2 goblin skeletons (Ossuary)
  6 goblin zombies (Ossuary)
  4 hobgoblin skeletons (Ossuary)
  6 hobgoblin zombies (Ossuary)
  22 kobolds
  7 kobold skeletons (Ossuary)
  3 kobold zombies (Ossuary)
  6 orc zombies (Ossuary)
  7 rats
  6 rat skeletons (Ossuary)
  A rat zombie (Ossuary)
821 creatures vanquished.

Vanquished Creatures (collateral kills)
  Roxanne (Shoals:1)
  7 ghost moths
  6 emperor scorpions
  5 broodmothers
  A merfolk impaler (Shoals:1)
  2 entropy weavers
  A merfolk javelineer (Shoals:1)
  A vault guard (D:14)
  A jorogumo (Spider:4)
  3 hydras
  A centaur warrior (Shoals:1)
  2 radroaches
  3 boulder beetles
  A death scarab (Spider:4)
  2 death yaks (Lair:2)
  3 pharaoh ants
  4 orb spiders
  A steelbarb worm (Spider:4)
  A harpy (Shoals:1)
  3 fauns (Shoals:1)
  15 wolf spiders
  A moth of wrath (Spider:3)
  A manticore (Shoals:1)
  A cyclops (Shoals:1)
  A merfolk siren (Shoals:1)
  11 elephants
  A black mamba (Lair:5)
  A guardian serpent (Lair:5)
  4 torpor snails
  2 cane toads (Lair:5)
  7 demonic crawlers
  2 komodo dragons (Lair:5)
  A rime drake (Lair:5)
  3 merfolk (Shoals:1)
  2 meliai (D:15)
  17 tarantellas
  7 polar bears
  A wind drake (Shoals:1)
  5 blink frogs
  A hornet (Lair:5)
  A raiju (Lair:5)
  A snapping turtle (Shoals:1)
  6 dream sheep
  28 jumping spiders
  15 culicivoras
  2 slime creatures (D:14)
  A water elemental (Shoals:1)
  5 wyverns (Lair:5)
  A basilisk (Lair:4)
  4 yaks
  47 redbacks
  5 water moccasins (Lair:5)
  3 wargs
  3 hell hounds (Lair:5)
  10 black bears
  An orc warrior (Orc:1)
  A boggart (D:14)
  8 wolves
  An ogre (Orc:1)
  A howler monkey (D:5)
  3 jellies (Lair:4)
  5 orc priests (Orc:2)
  2 orc wizards
  2 dart slugs
  11 orcs
  A hobgoblin (D:1)
  A jackal (D:4)
  A kobold (D:2)
  A bush (Lair:3)
304 creatures vanquished.

Vanquished Creatures (others)
  A vault guard (D:14)
  2 boulder beetles (Spider:1)
  A deep elf knight (D:14)
  3 tengu conjurers (D:14)
  2 polar bears (Lair:5)
  2 tarantellas
  A ynoxinul (D:10)
  2 yaks
  2 redbacks
  6 hell hounds (Lair:5)
  2 orc warriors
  A black bear (Lair:5)
  A centaur (D:9)
  2 bullfrogs (D:9)
  2 orc priests
  5 orc wizards
  4 orcs
  A gnoll zombie (D:6)
  An orc zombie (D:4)
  34 fungi
  96 plants
171 creatures vanquished.

Grand Total: 1296 creatures vanquished

Notes
Turn   | Place    | Note
-------+----------+-------------------------------------------
     0 | D:1      | 112233 the Deep Elf Necromancer began the quest for the
                  | Orb.
     0 | D:1      | Reached XP level 1. HP: 10/10 MP: 6/6
   169 | D:1      | Reached skill level 5 in Necromancy
   169 | D:1      | Reached XP level 2. HP: 12/15 MP: 5/8
   463 | D:1      | Reached XP level 3. HP: 16/19 MP: 0/10
   712 | D:1      | Learned a level 3 spell: Vampiric Draining
   827 | D:1      | Reached skill level 4 in Spellcasting
   857 | D:1      | Found a faded altar of an unknown god.
  1178 | D:2      | Reached XP level 4. HP: 24/24 MP: 9/12
  1313 | D:2      | Identified the ring of Boegucet {MP+9 Str+3 Dex+4 Slay+2}
  1430 | D:2      | Found Lozecibu's Magic Scroll Emporium.
  1500 | D:2      | Found a blossoming altar of Fedhas.
  1740 | D:3      | Found Runaas's Assorted Antiques.
  1742 | D:3      | Identified the +0 robe of Dim Light {rElec Dex+3}
  1894 | D:3      | Found an iron altar of Okawaru.
  2113 | D:3      | Reached skill level 1 in Fighting
  2113 | D:3      | Reached XP level 5. HP: 23/29 MP: 14/14
  2499 | D:4      | Identified the +2 glaive of Pride {freeze, SInv}
  2567 | D:4      | Reached skill level 5 in Spellcasting
  2606 | D:4      | Learned a level 4 spell: Animate Dead
  3034 | D:4      | Found a sparkling altar of Nemelex Xobeh.
  3196 | D:4      | Found a runed translucent gate.
  3197 | D:4      | Found a runed translucent gate.
  3199 | D:4      | Found a runed translucent gate.
  3266 | D:4      | Noticed vampirul's ghost (amateur DsFi)
  3330 | D:4      | Noticed an ice beast
  3446 | D:4      | Noticed Sigmund
  3450 | D:4      | Killed Sigmund
  3451 | D:4      | Reached XP level 6. HP: 20/35 MP: 16/16
  3680 | D:5      | Entered Level 5 of the Dungeon
  3683 | D:5      | Reached skill level 6 in Spellcasting
  3683 | D:5      | Reached XP level 7. HP: 40/40 MP: 18/18
  3985 | D:5      | Found a hazy altar of Hepliaklqana.
  4352 | D:6      | Found a glowing silver altar of Zin.
  4358 | D:6      | Reached skill level 5 in Dodging
  4358 | D:6      | Noticed Prince Ribbit
  4386 | D:5      | Learned a level 5 spell: Agony
  4483 | D:6      | Killed Prince Ribbit
  4496 | D:6      | Reached skill level 7 in Spellcasting
  4496 | D:6      | Reached XP level 8. HP: 46/46 MP: 10/20
  4769 | D:6      | Found a shadowy altar of Dithmenos.
  5025 | D:6      | Noticed Edmund
  5034 | D:6      | Killed Edmund
  5535 | D:7      | Reached skill level 8 in Spellcasting
  5971 | D:7      | Found a staircase to the Ecumenical Temple.
  6186 | Temple   | Entered the Ecumenical Temple
  6233 | Temple   | Became a worshipper of Gozag Ym Sagoz the Greedy
  6326 | D:8      | Reached XP level 9. HP: 52/52 MP: 21/23
  6485 | D:8      | Found a burning altar of Makhleb.
  6520 | D:8      | Found a sand-covered staircase.
  6531 | Ossuary  | Entered an ossuary
  6905 | Ossuary  | Noticed Menkaure
  6912 | Ossuary  | Killed Menkaure
  7269 | D:9      | Reached skill level 9 in Spellcasting
  7681 | D:9      | Reached skill level 5 in Fighting
  7906 | D:9      | Found Reloe's Antique Armour Emporium.
  8057 | D:9      | Bought a shadowed robe for 188 gold pieces
  8057 | D:9      | Identified the +1 robe of a volcano {rPois} (You bought it
                  | in a shop on level 9 of the Dungeon)
  8541 | D:9      | Found a shimmering altar of Xom.
  8557 | D:9      | Reached skill level 10 in Spellcasting
  8557 | D:9      | Reached skill level 10 in Necromancy
  8689 | D:10     | Entered Level 10 of the Dungeon
  8691 | D:10     | Noticed a kobold demonologist
  8708 | D:9      | Killed a kobold demonologist
  8709 | D:9      | Reached XP level 10. HP: 60/60 MP: 14/26
  9648 | D:9      | Noticed Maurice
  9657 | D:9      | Killed Maurice
 10007 | D:9      | Reached skill level 11 in Spellcasting
 10264 | D:9      | Reached skill level 10 in Dodging
 11306 | D:8      | Found Keimovat's One-of-a-Kind Rings.
 11569 | D:9      | Reached XP level 11. HP: 38/66 MP: 2/28
 11855 | D:10     | Found a runed translucent door.
 11855 | D:10     | Noticed MrShunz's ghost (journeyman VSBr)
 12672 | D:10     | Found a staircase to the Lair.
 12760 | Lair:1   | Entered Level 1 of the Lair of Beasts
 13009 | Lair:1   | Reached skill level 12 in Spellcasting
 13242 | Lair:1   | Noticed Maggie
 13254 | Lair:1   | Killed Maggie
 13667 | D:2      | Bought a scroll of acquirement for 728 gold pieces
 13667 | D:2      | Bought a scroll of blinking for 105 gold pieces
 13680 | D:2      | Acquired 883 gold pieces
 13682 | D:2      | Bought a scroll of acquirement for 728 gold pieces
 13682 | D:2      | Acquired a staff of death
 13684 | D:2      | Bought a scroll of blinking for 105 gold pieces
 13684 | D:2      | Bought a scroll of teleportation for 42 gold pieces
 14124 | Lair:1   | Reached skill level 1 in Staves
 14228 | Lair:1   | Reached skill level 1 in Evocations
 14720 | Lair:1   | Noticed Grum
 14757 | Lair:1   | Killed Grum
 15501 | Lair:2   | Reached XP level 12. HP: 73/73 MP: 23/30
 15514 | Lair:2   | Learned a level 4 spell: Dispel Undead
 15521 | Lair:2   | Learned a level 6 spell: Death Channel
 15666 | Lair:2   | Noticed Nergalle
 15673 | Lair:2   | Killed Nergalle
 15780 | Lair:2   | Reached skill level 13 in Spellcasting
 16706 | Lair:2   | Noticed a dire elephant
 16718 | Lair:2   | Killed a dire elephant
 17002 | Lair:2   | Noticed a death yak
 17009 | Lair:2   | Noticed a death yak
 17020 | Lair:2   | Killed a death yak
 17033 | Lair:2   | Killed a death yak
 17154 | Lair:2   | Identified the +0 leather armour "Xanly" {*Corrode rPois
                  | Str+2 Stlth+}
 17350 | Lair:2   | Found a staircase to the Shoals.
 17755 | Lair:3   | Reached skill level 14 in Spellcasting
 18597 | Lair:3   | Found a hole to the Spider Nest.
 18840 | Lair:3   | Reached XP level 13. HP: 79/79 MP: 33/33
 19157 | Lair:4   | Reached skill level 5 in Evocations
 19258 | Lair:4   | Found a frozen archway.
 19280 | IceCv    | Entered an ice cave
 19896 | Lair:4   | Found a transporter.
 20137 | Lair:4   | Noticed Haerphoy's ghost (journeyman MiFi)
 20190 | Lair:4   | Found a transporter.
 20212 | Lair:4   | Identified the +8 mace "Qouxoen" {venom, rElec Str+2 Int+7
                  | Stlth+}
 20413 | Lair:5   | Entered Level 5 of the Lair of Beasts
 20468 | Lair:5   | Reached skill level 5 in Staves
 20823 | Lair:5   | Reached skill level 15 in Spellcasting
 21488 | Lair:4   | Acquired 549 gold pieces
 21655 | Lair:4   | Reached XP level 14. HP: 86/86 MP: 21/35
 21789 | Lair:4   | Learned a level 4 spell: Anguish
 21860 | Lair:4   | Reached skill level 15 in Necromancy
 22202 | Lair:4   | Found a staircase to the Slime Pits.
 22700 | D:10     | Killed MrShunz's ghost
 22712 | D:10     | Got the Vellum of Breccia
 22719 | D:10     | Learned a level 5 spell: Borgnjor's Vile Clutch
 23174 | D:11     | Found a staircase to the Orcish Mines.
 23897 | Orc:1    | Entered Level 1 of the Orcish Mines
 24145 | Orc:2    | Entered Level 2 of the Orcish Mines
 24191 | Orc:2    | Reached skill level 16 in Spellcasting
 24352 | Orc:2    | Found a staircase to the Elven Halls.
 24639 | Orc:2    | Reached skill level 15 in Dodging
 25381 | Orc:1    | Found Vasustruz's Firing Range.
 25866 | Orc:2    | Found Evodoh's Magic Scroll Boutique.
 25866 | Orc:2    | Found Quacoh's General Store.
 26092 | Orc:2    | Bought a scroll of teleportation for 45 gold pieces
 26092 | Orc:2    | Bought a scroll of teleportation for 45 gold pieces
 26092 | Orc:2    | Bought a scroll of summoning for 142 gold pieces
 26101 | Orc:2    | Bought a box of beasts for 560 gold pieces
 26101 | Orc:2    | Bought a scroll of teleportation for 42 gold pieces
 26191 | Orc:2    | Found Finnejusk's Jewellery Boutique.
 26191 | Orc:2    | Found Tuczom's Distillery.
 26388 | Orc:2    | Bought 2 potions of haste for 340 gold pieces
 26388 | Orc:2    | Bought a potion of curing for 51 gold pieces
 26388 | Orc:2    | Bought a potion of curing for 51 gold pieces
 26388 | Orc:2    | Bought a potion of haste for 170 gold pieces
 26388 | Orc:2    | Bought a potion of cancellation for 136 gold pieces
 28629 | Lair:5   | Reached XP level 15. HP: 80/91 MP: 2/37
 28638 | Lair:5   | Reached skill level 17 in Spellcasting
 30294 | D:12     | Noticed Snorg
 30306 | D:12     | Killed Snorg
 32601 | D:15     | Entered Level 15 of the Dungeon
 33094 | D:15     | Found a staircase to the Depths.
 33094 | D:15     | Noticed a fire giant
 33628 | D:14     | Found a gate to the Vaults.
 33894 | D:14     | Reached skill level 10 in Fighting
 34264 | D:14     | Noticed Jorgrun
 34557 | D:15     | Killed a fire giant
 34558 | D:15     | Reached skill level 18 in Spellcasting
 35000 | D:15     | Noticed Louise
 35009 | D:15     | Killed Louise
 35710 | Spider:1 | Entered Level 1 of the Spider Nest
 35715 | Lair:3   | Bought a crude pewter ring for 155 gold pieces
 35715 | Lair:3   | Identified the ring of Beogh, Winnowing {rN+ rCorr Str+4}
                  | (You bought it in a shop on level 3 of the Lair of Beasts)
 35715 | Lair:3   | Bought a scroll labelled IRO DOJUARCHAY for 31 gold pieces
 35730 | Lair:3   | Bought a scroll of poison for 124 gold pieces
 35730 | Lair:3   | Bought a scroll of poison for 124 gold pieces
 35733 | Lair:3   | Bought a book of Death for 748 gold pieces
 35733 | Lair:3   | Bought the Tome of Tectonic Resurrection for 816 gold
                  | pieces
 35742 | Lair:3   | Learned a level 8 spell: Infestation
 35751 | Lair:3   | Learned a level 8 spell: Borgnjor's Revivification
 35790 | Spider:1 | Noticed an emperor scorpion
 35798 | Spider:1 | Killed an emperor scorpion
 35799 | Spider:1 | Reached XP level 16. HP: 51/97 MP: 10/40
 37094 | Spider:2 | You fall into a shaft and drop 1 floor!
 37666 | Spider:3 | Reached skill level 19 in Spellcasting
 38336 | Spider:2 | HP: 3/99 [radroach (4)]
 39313 | Spider:2 | Reached skill level 10 in Evocations
 39517 | Spider:4 | Entered Level 4 of the Spider Nest
 39647 | Spider:4 | Reached XP level 17. HP: 77/103 MP: 31/42
 40268 | Spider:4 | Reached skill level 20 in Spellcasting
 40304 | Spider:4 | Got a gossamer rune of Zot
 40852 | Lair:3   | Bought a heavily runed helmet for 361 gold pieces
 40852 | Lair:3   | Identified the +2 helmet of Doihaipnoy {Rampage Slay+3}
                  | (You bought it in a shop on level 3 of the Lair of Beasts)
 40852 | Lair:3   | Bought a faintly humming helmet for 361 gold pieces
 40852 | Lair:3   | Identified the +1 helmet "Zocrenov" {+Inv Dex+3} (You
                  | bought it in a shop on level 3 of the Lair of Beasts)
 40959 | Shoals:1 | Entered Level 1 of the Shoals
 40984 | Shoals:1 | Noticed Donald
 40995 | Shoals:1 | Killed Donald
 41193 | Shoals:1 | Noticed Roxanne
 41196 | Shoals:1 | Killed Roxanne
 42082 | Shoals:2 | HP: 4/104 [merfolk impaler/+2 trident of venom (13)]
 42083 | Shoals:2 | Slain by a merfolk

Illustrated notes

Levels and vault maps discovered:
D:1:      evilmike_arrival_crescent, layout_rooms,
          ebering_ecumenical_altar_ruins
D:2:      layout_rooms, serial_shops, shop, basic_altar
D:3:      layout_basic, kennysheep_okawaru_gauntlet, serial_shops,
          nicolae_shop_crystal
D:4:      black_bear_nest_2, layout_cave_pods, nemelex_diamond_rough_becter,
          gammafunk_ghost_icy, uniq_sigmund
D:5:      layout_rooms, worldfamousw_hep_ancestral_shrine,
          minmay_misc_feat_diagonals
D:6:      layout_loops_ring, mainiacjoe_overflow_boulevard,
          nicolae_dithmenos_shadow_blocks, uniq_edmund, uniq_prince_ribbit1
D:7:      layout_cave_pools, minmay_temple_entry_enclosed_plants,
          abandoned_shop, kennysheep_doodads, minmay_misc_feat_plants
D:8:      layout_gridville, mainiacjoe_overflow_24_doors,
          nicolae_ossuary_entry_monument, nicolae_shop_unique_rings
D:9:      layout_roguey, xom_confusion_cloud, serial_shops, shop, special_room
          [special_room_bee], uniq_maurice
D:10:     layout_big_octagon, david_lair_shrubbed, hellmonk_ghost_big_iron
D:11:     layout_basic, hiddenorc2_lemuel, lemuel_nasty_fountain
D:12:     wad_crossroads, layout_layer_cave, chequers_arboretum,
          dreamdust_mushroom_princess, uniq_snorg
D:13:     layout_long_grid, chequers_decorated_corner, serial_bayou_lagoon_b
D:14:     minmay_curly_fans, layout_basic, grunt_vaults_entry_fortified,
          gammafunk_ghost_cemetery, uniq_jorgrun, uniq_azrael
D:15:     grunt_enter_depths_giant_problem, layout_loops_ring, uniq_louise
Temple:   nicolae_temple_bog_church
Lair:1:   layout_cave_pods, minivault_26, uniq_grum, uniq_maggie
Lair:2:   layout_gridlike, minmay_shoals_entry_hut, nicolae_lair_lakeside_cave,
          grunt_megastairs_3, uniq_nergalle
Lair:3:   layout_roguey, spider_nest_entry_rubble
Lair:4:   layout_cellular_growth, nicolae_slime_entry_field_trip,
          portal_ice_cave_rime, nzn_ghost_randoct, lookout_lair_type
Lair:5:   hangedman_lair_tendril_chambers, layout_hall_layers,
          hangedman_lair_caniforms_friends, serial_bayou_shore_b
Shoals:1: layout_shoals, uniq_roxanne, uniq_donald
Shoals:2: layout_shoals
Spider:1: layout_spider_delve, nicolae_spider_rock_and_or_roll
Spider:2: layout_chambers
Spider:3: layout_spider_delve, drop_trap
Spider:4: grunt_spider_rune_parallel
Orc:1:    layout_caves, nicolae_volcano_entry_hallway, nicolae_shop_firing_range
Orc:2:    st_orc_town, layout_diamond_mine

Skill      XL: |  1  2  3  4  5  6  7  8  9 10 11 12 13 14 15 16 17 |
---------------+----------------------------------------------------+-----
Necromancy     | 5 6 7 8 10 11 12 13 14 16 17 18 | 18.1
Spellcasting   | 4 5 6 7 8 10 11 12 14 15 16 18 19 20 | 20.5
Dodging        | 3 4 5 7 8 10 11 13 14 15 17 18 19 | 19.2
Fighting       | 1 2 3 4 5 6 7 8 9 10 11 | 11.1
Staves         | 2 4 5 6 8 9 |  9.8
Evocations     | 3 4 6 7 8 10 | 10.8
Stealth        | |  2.7
Earth Magic    | |  0.4

Action                     |  1- 3 |  4- 6 |  7- 9 | 10-12 | 13-15 | 16-18 || total
---------------------------+-------+-------+-------+-------+-------+-------++-------
  Melee: Unarmed           |     3 |       |       |       |       |       ||     3
         Glaive            |       |     9 |   149 |   113 |     3 |     6 ||   280
         Staff             |       |       |       |   102 |   321 |    30 ||   453
         Punch             |       |       |       |     3 |     3 |     1 ||     7
   Cast: Necrotise         |    69 |    92 |    94 |    88 |    35 |       ||   378
         Vampiric Draining |       |     8 |   112 |   298 |   323 |   102 ||   843
         Animate Dead      |       |     2 |     3 |       |       |       ||     5
         Agony             |       |       |     1 |     6 |     2 |       ||     9
         Death Channel     |       |       |       |    11 |    53 |    19 ||    83
         Dispel Undead     |       |       |       |       |    28 |       ||    28
         Borgnjor's Vile C |       |       |       |       |   145 |    98 ||   243
         Anguish           |       |       |       |       |    30 |     8 ||    38
         Infestation       |       |       |       |       |     1 |    35 ||    36
 Invoke: Potion Petition   |       |       |       |     2 |       |       ||     2
         Call Merchant     |       |       |       |       |     2 |     3 ||     5
  Evoke: Wand              |       |       |     4 |    13 |    28 |       ||    45
         Condenser vane    |       |       |       |       |     4 |     1 ||     5
    Use: Potion            |       |     2 |     1 |     8 |     1 |     4 ||    16
         Scroll            |       |       |       |    26 |     7 |     2 ||    35
   Stab: Sleeping          |       |     2 |     3 |     2 |     2 |       ||     9
         Invisible         |       |       |     2 |     1 |     1 |       ||     4
         Distracted        |       |       |     1 |     5 |    11 |     4 ||    21
 Armour: Robe              |     3 |       |    32 |    83 |   132 |    54 ||   304
  Dodge: Dodged            |    11 |    20 |   252 |   515 |   749 |   382 ||  1929
  Block: Other             |       |       |       |    66 |   123 |       ||   189
         Reflection        |       |       |       |       |     1 |       ||     1

Table legend: (Time is in decaauts)
 A = Elapsed time spent in this place.
 B = Non-inter-level travel time spent in this place.
 C = Inter-level travel time spent in this place.
 D = Time resting spent in this place.
 E = Time spent auto-exploring this place.
 F = Levels seen in this place.
 G = Mean time per level.
                   A        B        C        D        E       F      G
               +--------+--------+--------+--------+--------+-----+--------+
         Total |  42451 |  39670 |   2781 |   4960 |  27613 |  31 | 1369.4 |
       Dungeon |  20525 |  18947 |   1578 |   3446 |  12609 |  15 | 1368.3 |
        Temple |     62 |     44 |     18 |      0 |     36 |   1 |   62.0 |
          Lair |  11597 |  10839 |    758 |    660 |   8251 |   5 | 2319.4 |
        Shoals |   1216 |   1186 |     30 |      0 |    890 |   2 |  608.0 |
   Spider Nest |   5071 |   4802 |    269 |    310 |   3352 |   4 | 1267.8 |
  Orcish Mines |   2938 |   2813 |    125 |    370 |   1974 |   2 | 1469.0 |
       Ossuary |    608 |    608 |      0 |     53 |    322 |   1 |  608.0 |
      Ice Cave |    430 |    430 |      0 |    121 |    177 |   1 |  430.0 |
               +--------+--------+--------+--------+--------+-----+--------+

Top non-repeatable levels by time:
     D:9: 4041 daAuts
  Lair:5: 3062 daAuts
  Lair:1: 2508 daAuts
  Lair:2: 2245 daAuts
  Lair:4: 2169 daAuts
    D:14: 1934 daAuts
Spider:2: 1892 daAuts
   Orc:2: 1703 daAuts
    D:15: 1666 daAuts
  Lair:3: 1611 daAuts
    D:12: 1480 daAuts
     D:8: 1408 daAuts
    D:11: 1325 daAuts
Spider:4: 1248 daAuts
     D:6: 1246 daAuts
